 Dungeon Crawl Stone Soup version 0.29.1-13-g9f3cf754e1 (webtiles) character file.

Game seed: 2892515586412292416

66 Thatpatchoflichen the Trooper (level 4, -2/52 HPs)
             Began as an Ogre Monk on Feb 10, 2023.
             Slain by an orc
             ... wielding a +0 hand axe
              (4 damage)
             ... on level 3 of the Dungeon.
             The game lasted 00:03:31 (2261 turns).

Thatpatchoflichen the Trooper (Ogre Monk)           Turns: 2261, Time: 00:03:31

Health: -2/52      AC:  3    Str: 17    XL:     4   Next: 15%
Magic:  4/4        EV: 10    Int: 11    God:
Gold:   93         SH:  0    Dex: 11    Spells: 3/3 levels left

rFire   . . .      SeeInvis .   a - +0 mace
rCold   . . .      Faith    .   (no shield)
rNeg    . . .      Spirit   .   b - +0 robe
rPois   .          Reflect  .   (helmet restricted)
rElec   .          Harm     .   (no cloak)
rCorr   .          Rampage  .   (gloves unavailable)
Will    .....                   (boots unavailable)
Stlth   ++........              (no amulet)
HPRegen 0.17/turn               (no ring)
MPRegen 0.09/turn               (no ring)

@: no status effects
A: large, unfitting armour, tough skin 1
a: no special abilities


You were on level 3 of the Dungeon.
You visited 1 branch of the dungeon, and saw 3 of its levels.

You collected 93 gold pieces.

Inventory:

Hand Weapons
 a - a +0 mace (weapon)
Missiles
 m - 3 poisoned darts (quivered)
Armour
 b - a +0 robe (worn)
Scrolls
 d - 3 scrolls of noise {unknown}
 g - a scroll of vulnerability {unknown}
 h - 3 scrolls of identify {unknown}
 i - 2 scrolls of amnesia {unknown}
 j - 2 scrolls of teleportation {unknown}
 k - a scroll of enchant weapon {unknown}
 l - a scroll of enchant armour {unknown}
Potions
 c - a potion of ambrosia
 e - a potion of heal wounds {unknown}
 f - 3 potions of lignification {unknown}


   Skills:
 - Level 6.0 Fighting
 + Level 3.2 Maces & Flails
 - Level 2.6 Dodging
 - Level 1.4 Stealth


You had 3 spell levels left.
You didn't know any spells.
Your spell library contained the following spells:

 Spells                   Type           Power      Damage    Failure   Level
 Beastly Appendage        Tmut           0%         N/A       34%         1
 Slow                     Hex            0%         N/A       34%         1
 Wereblood                Tmut           0%         N/A       47%         2
 Confusing Touch          Hex            0%         N/A       71%         3
 Portal Projectile        Hex/Tloc       0%         N/A       71%         3
 Spider Form              Tmut/Pois      0%         N/A       71%         3
 Tukima's Dance           Hex            0%         N/A       71%         3
 Vampiric Draining        Necr           0%         2d6       71%         3
 Blade Hands              Tmut           0%         N/A       100%        5


Dungeon Overview and Level Annotations

Branches:
Dungeon (3/15)

Altars:
Vehumet


Innate Abilities, Weirdness & Mutations

You are too large for most types of armour.
You have tough skin. (AC +1)


Message History

The hobgoblin hits you but does no damage.
You barely miss the hobgoblin.
The hobgoblin is moderately wounded.
The hobgoblin closely misses you.
You hit the hobgoblin.
You kill the hobgoblin!
You closely miss the orc.
The orc priest hits you with a +0 flail.
The orc hits you with a +0 hand axe.
You see here a hobgoblin corpse.
You closely miss the orc priest.
The orc priest hits you with a +0 flail.
The orc barely misses you. The orc hits you with a +0 hand axe.
The orc priest hits you with a +0 flail.
You barely miss the orc priest.
The orc priest hits you with a +0 flail.
The orc hits you but does no damage.
You hit the orc priest but do no damage.
The orc priest casts a cantrip, but nothing happens.
The orc closely misses you.
You barely miss the orc priest.
The orc priest hits you with a +0 flail.
The orc barely misses you.
You barely miss the orc priest.
The orc priest mumbles some strange prayers to Beogh against you.
Beogh smites you!
* * * LOW HITPOINT WARNING * * *
The orc hits you with a +0 hand axe.
* * * LOW HITPOINT WARNING * * *
The orc completely misses you.
The orc priest hits you with a +0 flail!
* * * LOW HITPOINT WARNING * * *
The orc hits you with a +0 hand axe.
* * * LOW HITPOINT WARNING * * *
There is a stone staircase leading up here.
You hit the orc priest but do no damage.
The orc priest hits you with a +0 flail.
* * * LOW HITPOINT WARNING * * *
The orc hits you with a +0 hand axe.
You die...

##### ...#
#o###
#@o.#
###......#
....).#
#.....#
.....#
.....#
##.## #.#
#.


You could see an orc priest and an orc.

Vanquished Creatures
  An iguana (D:2)
  An adder (D:2)
  3 worms (D:2)
  A dart slug (D:2)
  An orc (D:2)
  6 ball pythons
  A bat (D:1)
  An endoplasm (D:1)
  A giant cockroach (D:2)
  A hobgoblin (D:3)
  A quokka (D:1)
  A frilled lizard (D:1)
  3 goblins
22 creatures vanquished.

Notes
Turn   | Place    | Note
-------+----------+-------------------------------------------
     0 | D:1      | Thatpatchoflichen the Ogre Monk began the quest for the
                  | Orb.
     0 | D:1      | Reached XP level 1. HP: 24/24 MP: 1/1
    91 | D:1      | You fall into a shaft and drop 1 floor!
   106 | D:2      | Found a radiant altar of Vehumet.
   166 | D:1      | Found a faded altar of an unknown god.
   408 | D:1      | Reached XP level 2. HP: 26/33 MP: 2/2
   964 | D:2      | Reached skill level 5 in Fighting
  1486 | D:2      | Reached XP level 3. HP: 24/42 MP: 3/3
  1636 | D:2      | Reached skill level 6 in Fighting
  1888 | D:2      | Reached XP level 4. HP: 41/52 MP: 4/4
  2261 | D:3      | HP: 2/52 [orc priest/+0 flail (2)]
  2261 | D:3      | Slain by an orc

Illustrated notes

Levels and vault maps discovered:
D:1:      dpeg_arrival_rooms_c, layout_loops_ring,
          dreamdust_ecumenical_altar_grove, minmay_cut_off
D:2:      layout_basic, basic_altar
D:3:      corexii_shack_village, layout_rooms, minmay_circle_x, uniq_sigmund

Skill      XL: |  1  2  3 |
---------------+----------+-----
Fighting       | 5 6 |  6.0
Maces & Flails | 3 |  3.2
Dodging        | |  2.6
Stealth        | |  1.4

Action                   |  1- 3 |  4- 6 || total
-------------------------+-------+-------++-------
Melee: Mace              |    77 |    22 ||    99
       Punch             |     3 |       ||     3
Armor: Robe              |    24 |     7 ||    31
Dodge: Dodged            |    47 |    11 ||    58
